 Dungeon Crawl Stone Soup version 0.31-a0-986-g5e6e4ef867 (webtiles) character file.

Game seed: 16712565973295219883

60 AppTheSpectato the Covered (level 3, -2/33 HPs)
             Began as an Armataur Fighter on Nov 10, 2023.
             Slain by Crazy Yiuf
             ... wielding a +2 quarterstaff of chaos
              (7 damage)
             ... on level 2 of the Dungeon.
             The game lasted 00:06:07 (1911 turns).

AppTheSpectato the Covered (Armataur Fighter)       Turns: 1911, Time: 00:06:07

Health: -2/33      AC:  6    Str: 21    XL:     3   Next: 82%
Magic:  3/3        EV: 17    Int:  8    God:
Gold:   103        SH:  0    Dex: 11    Spells: 2/2 levels left

rFire   + + .        a - melded +0 long sword
rCold   + + .        c - melded +0 buckler
rNeg    + + +        b - melded +0 scale mail
rPois   ∞            u - melded +0 helmet
rElec   +            m - melded scarf {+Inv}
rCorr   +            (gloves currently unavailable)
SInv    .            (no barding)
Will    .....        (amulet currently unavailable)
Stlth   +            e - melded ring of see invisible
HPRegen 0.25/turn    (ring currently unavailable)
MPRegen 0.08/turn

%: roll
@: wisp-form, flying, slowed, very slow
A: insubstantial, flying, no casting, tiny, rugged brown scales 3, (deformed
body), (armoured tail), roll, long tongue, awkward tongue
a: no special abilities


You were on level 2 of the Dungeon.
You were an insubstantial wisp.
You visited 1 branch of the dungeon, and saw 2 of its levels.

You collected 103 gold pieces.

Inventory:

Hand Weapons
 a - a +0 long sword (melded)
Armour
 b - a +0 scale mail (melded)
 c - a +0 buckler (melded)
 m - a scarf of invisibility (melded)
 u - a +0 helmet (melded)
Jewellery
 e - a ring of see invisible (melded)
 n - an amulet of faith
Scrolls
 i - a scroll of noise {unknown}
 j - a scroll of teleportation {unknown}
 k - a scroll of summoning {unknown}
 o - a scroll of blinking {unknown}
 p - a scroll of acquirement {unknown}
 q - a scroll of vulnerability {unknown}
 s - a scroll of torment {unknown}
Potions
 d - a potion of might
 f - a potion of lignification {unknown}
 g - 3 potions of curing {unknown}
 h - a potion of ambrosia {unknown}
 l - 2 potions of heal wounds {unknown}
 r - a potion of haste {unknown}
 t - a potion of attraction {unknown}
 v - a potion of degeneration {unknown}


   Skills:
 + Level 3.2 Fighting
 + Level 2.4 Long Blades
 - Level 4.0 Armour
 - Level 4.0 Shields


You had 2 spell levels left.
You didn't know any spells.
Your spell library was empty.

Dungeon Overview and Level Annotations

Branches:
Dungeon (2/15)

Altars:

Annotations:
D:2 Crazy Yiuf


Innate Abilities, Weirdness & Mutations

You are an insubstantial wisp.
Your tiny insubstantial body is highly resistant to most damage types.
You are flying.
Your equipment is entirely melded.
You are incapable of wielding weapons or throwing items.
You cannot cast spells.
(You are completely covered in rugged brown scales. (AC +3, +7% HP))
((Armour fits poorly on your strangely shaped body.))
((You have a long armoured tail.))
You roll when moving toward enemies. (Rampage)
Your long tongue fully drains potion bottles. (2x potion effects)
Your tongue gives you trouble enunciating. (1.5x scroll delay)


Message History

You hit Crazy Yiuf but do no damage.
Crazy Yiuf is lightly wounded.
Crazy Yiuf barely misses you. Crazy Yiuf attacks as he pursues you!
Crazy Yiuf misses you.
Your transformation is almost over.
Crazy Yiuf yells, "Cholesterol!"
You feel yourself speed up.
You feel less batty.
Your +0 long sword unmelds from your body.
Your scarf of invisibility unmelds from your body.
Your +0 helmet unmelds from your body.
Your +0 buckler unmelds from your body.
Your +0 scale mail unmelds from your body.
Your ring of see invisible unmelds from your body.
You become transparent for a moment.
You roll towards Crazy Yiuf!
You roll towards Crazy Yiuf!
Crazy Yiuf hits you with a +2 quarterstaff of chaos.
You closely miss Crazy Yiuf.
Crazy Yiuf is lightly wounded.
Crazy Yiuf hits you with a +2 quarterstaff of chaos!
You feel yourself slow down.
Crazy Yiuf zaps a wand.
You turn into an insubstantial wisp.
Your +0 long sword melds into your body.
Your scarf of invisibility melds into your body.
Your +0 helmet melds into your body.
Your +0 buckler melds into your body.
Your +0 scale mail melds into your body.
Your ring of see invisible melds into your body.
You touch Crazy Yiuf.
Crazy Yiuf is moderately wounded.
Crazy Yiuf hits you with a +2 quarterstaff of chaos.
You closely miss Crazy Yiuf.
Crazy Yiuf is moderately wounded.
Crazy Yiuf whimpers, "Candle!"
Crazy Yiuf hits you with a +2 quarterstaff of chaos!
* * * LOW HITPOINT WARNING * * *
Crazy Yiuf burns you.
* * * LOW HITPOINT WARNING * * *
Crazy Yiuf grits, "Snoogle testudinal arga!"
Crazy Yiuf hits you with a +2 quarterstaff of chaos!
You die...

#.......# #.##.# ##......♣♣♣
#.......# ###.##.######........♣.
#.......# #........g..........♣.♣
'.......# #.#.##.###########♣♣♣♣♣
#.......###.#.##.#
#.......'........#
#.......###.#..#.# ######
######....#.#..#g# #....##
#....#.....v# #....'.
#....####.#.# #....## #....#
#.#.# ######
######....####.#.################
..........'...................)..
######....####.#.###...#.........
#####.........'.........####
######....###.#.###...#####.....
##.).......'...#.# #...# #.####


You could see Crazy Yiuf.

Vanquished Creatures
  An adder (D:2)
  A worm (D:2)
  4 dart slugs
  3 ball pythons
  3 endoplasms (D:1)
  2 giant cockroaches (D:1)
  3 goblins
  5 hobgoblins
  4 kobolds
  2 quokkas
  4 bats (D:1)
  4 frilled lizards
  A rat (D:1)
37 creatures vanquished.

Notes
Turn   | Place    | Note
-------+----------+-------------------------------------------
     0 | D:1      | AppTheSpectato the Armataur Fighter began the quest for the
                  | Orb.
     0 | D:1      | Reached XP level 1. HP: 19/19 MP: 1/1
   125 | D:1      | Reached XP level 2. HP: 19/26 MP: 2/2
   667 | D:1      | Reached XP level 3. HP: 30/33 MP: 3/3
  1374 | D:2      | Found a runed translucent door.
  1375 | D:2      | Noticed Crazy Yiuf
  1911 | D:2      | Slain by Crazy Yiuf

Illustrated notes

Levels and vault maps discovered:
D:1:      dpeg_arrival_pits, layout_basic, dreamdust_princess_bridge,
          minmay_misc_feat_enclosed, dreamdust_mushroom_princess
D:2:      layout_basic, uniq_crazy_yiuf_cottage

Skill      XL: |  1  2  3 |
---------------+----------+-----
Long Blades    | 2 |  2.4
Fighting       | 3 |  3.2
Armour         | 4 |  4.0
Shields        | 4 |  4.0

Action                     || total
---------------------------++-------
  Melee: Long sword        ||   120
         Tailslap          ||     6
         Unarmed           ||     7
 Armour: Scale mail        ||    95
         Skin              ||     4
  Dodge: Dodged            ||    57
  Block: Buckler           ||    36

Table legend: (Time is in decaauts)
 A = Elapsed time spent in this place.
 B = Non-inter-level travel time spent in this place.
 C = Inter-level travel time spent in this place.
 D = Time resting spent in this place.
 E = Time spent auto-exploring this place.
 F = Levels seen in this place.
 G = Mean time per level.
                   A        B        C        D        E       F      G
               +--------+--------+--------+--------+--------+-----+--------+
         Total |   1947 |   1899 |     48 |     44 |   1529 |   2 |  973.5 |
       Dungeon |   1947 |   1899 |     48 |     44 |   1529 |   2 |  973.5 |
               +--------+--------+--------+--------+--------+-----+--------+

Top non-repeatable levels by time:
     D:2: 1051 daAuts
     D:1: 895 daAuts
